 Dungeon Crawl Stone Soup version 0.26-a0-667-g92642533e4 (webtiles) character file.

Game seed: 12311938436290608650

304 marklar909 the Cudgeler (level 6, 0/49 HPs)
             Began as a Formicid Abyssal Knight on Oct 17, 2020.
             Was a Believer of Lugonu.
             Slain by a centaur (2 damage)
             ... on level 4 of the Dungeon.
             The game lasted 00:03:50 (3859 turns).

marklar909 the Cudgeler (Formicid Abyssal Knight)   Turns: 3859, Time: 00:03:50

Health: 0/49       AC: 10    Str: 18    XL:     6   Next: 66%
Magic:  8/8        EV:  7    Int: 12    God:    Lugonu [**....]
Gold:   275        SH:  0    Dex: 10    Spells: 5/5 levels left

rFire    + . .     SeeInvis +   a - +1 mace
rCold    . . .     Faith    .   (no shield)
rNeg     . . .     Spirit   .   c - +0 chain mail (curse)
rPois    .         Reflect  .   (helmet unavailable)
rElec    .         Harm     .   i - +0 cloak
rCorr    .         Rampage  .   (no gloves)
MR       .....                  (no boots)
Stlth    ..........             (no amulet)
HPRegen  0.16/turn              h - ring of protection from fire
MPRegen  0.11/turn              (no ring)

@: lethally poisoned (0 -> -2)
A: permanent stasis, dig shafts and tunnels, four strong arms, antennae 3
a: Dig, Shaft Self, Depart the Abyss, Bend Space, Renounce Religion


You were on level 4 of the Dungeon.
You worshipped Lugonu.
Lugonu was pleased with you.
You visited 1 branch of the dungeon, and saw 4 of its levels.
You visited the Abyss 1 time.

You collected 275 gold pieces.

Inventory:

Hand Weapons
 a - a +1 mace (weapon)
 m - a +0 flail
Armour
 c - a cursed +0 chain mail (worn)
 i - a +0 cloak (worn)
 o - a +0 buckler
Jewellery
 h - a ring of protection from fire (left hand)
 r - an uncursed amulet of guardian spirit {unknown}
Wands
 j - a wand of polymorph (10)
 p - a wand of digging (6)
Scrolls
 d - 2 scrolls of remove curse {unknown}
 e - a scroll of magic mapping {unknown}
 f - a scroll of blinking {unknown}
 g - 7 scrolls of identify {unknown}
 t - 3 scrolls of amnesia {unknown}
Potions
 k - a potion of might {unknown}
 l - a potion of flight {unknown}
 n - a potion of cancellation {unknown}
 q - a potion of lignification {unknown}
 s - a potion of degeneration {unknown}


   Skills:
 + Level 4.6 Fighting
 + Level 4.7 Maces & Flails
 + Level 3.3 Armour
 + Level 1.3 Dodging
 + Level 0.4 Stealth
 * Level 1.0 Shields
 + Level 2.7 Invocations


You had 5 spell levels left.
You didn't know any spells.
Your spell library was empty.

Dungeon Overview and Level Annotations

Branches:
Dungeon (4/15)
 Temple: D:4-7

Altars:
Cheibriados
Vehumet


Innate Abilities, Weirdness & Mutations

You cannot be hasted, slowed, berserked, paralysed or teleported.
You can dig through walls and to a lower floor.
Your four strong arms can wield two-handed weapons with a shield.
You have a pair of large antennae on your head. (SInv)


Message History

You hit the centaur.
The centaur is severely wounded.
You feel sick.
The centaur hits you but does no damage.
Unknown command.
You closely miss the centaur.
The centaur is severely wounded.
The centaur hits you.
* * * LOW HITPOINT WARNING * * *
The centaur closely misses you.
Unknown command.
You hit the centaur.
The centaur is severely wounded.
The centaur barely misses you. The centaur hits you.
* * * LOW HITPOINT WARNING * * *
Unknown command.
It was a potion of haste.
Your stasis prevents you from being hasted.
The centaur hits you.
You die...

##############
....... .....#
....... .....#
....... .....#
....... #....#
.......##.(..#
#...c@(...(#
#....##(.>.# #(...
#....# #....
#....# #....
#....# #....
#....# #######...
#....#
##....#######'####
#......#...##....#


You could see a centaur.

Vanquished Creatures
  A hound (D:4)
  An orc wizard (D:2)
  Natasha (thrice) (D:2)
  2 worker ants (D:4)
  A howler monkey skeleton (D:4)
  An adder (D:2)
  An ooze (D:2)
  4 dart slugs
  2 worms (D:2)
  2 leopard geckos (D:1)
  6 orcs
  7 bats
  5 giant cockroaches
  8 goblins
  10 hobgoblins
  8 jackals
  5 kobolds
  A quokka (D:2)
  A ball python (D:3)
  4 frilled lizards
  10 rats
83 creatures vanquished.

Vanquished Creatures (others)
  7 plants (D:3)
7 creatures vanquished.

Grand Total: 90 creatures vanquished

Notes
Turn   | Place    | Note
-------+----------+-------------------------------------------
     0 | Abyss:1  | marklar909 the Formicid Abyssal Knight began the quest for
                  | the Orb.
     0 | Abyss:1  | Reached XP level 1. HP: 18/18 MP: 2/2
     3 | Abyss:1  | Found a corrupted altar of Lugonu.
    40 | Abyss:1  | Found a corrupted altar of Lugonu.
    41 | Abyss:1  | Noticed an ancient zyme
    46 | D:1      | Escaped the Abyss
   207 | D:1      | Reached XP level 2. HP: 19/24 MP: 3/3
   282 | D:1      | Reached * piety under Lugonu
   492 | D:1      | Reached XP level 3. HP: 29/30 MP: 4/4
  1264 | D:2      | Found a snail-covered altar of Cheibriados.
  1271 | D:2      | Reached XP level 4. HP: 37/37 MP: 4/6
  1278 | D:2      | Reached skill level 1 in Dodging
  1307 | D:2      | Reached ** piety under Lugonu
  1500 | D:2      | Noticed Natasha
  1519 | D:2      | Killed Natasha
  1777 | D:2      | Reached XP level 5. HP: 38/42 MP: 7/7
  2034 | D:2      | Noticed Natasha
  2050 | D:2      | Killed Natasha
  2370 | D:2      | Noticed Natasha
  2385 | D:2      | Killed Natasha
  2385 | D:2      | Reached XP level 6. HP: 19/49 MP: 8/8
  3690 | D:4      | Found a radiant altar of Vehumet.
  3849 | D:4      | Reached skill level 1 in Shields
  3858 | D:4      | HP: 2/49 [centaur (5)]
  3859 | D:4      | Slain by a centaur

Illustrated notes

Levels and vault maps discovered:
D:1:      kilobyte_arrival_exit_the_forest, layout_basic
D:2:      layout_loops_ring, kennysheep_slug_shrine, uniq_natasha
D:3:      layout_basic, serial_forest, infiniplex_forest_clump_small,
          infiniplex_forest_lined_1, infiniplex_forest_lined_3,
          infiniplex_forest_clump_long, infiniplex_forest_clump_long,
          infiniplex_forest_side_room
D:4:      layout_gridville, grunt_temple_overflow_magic_moments,
          kb_xom_exploding_sheep, lemuel_angel_altar

Skill      XL: |  1  2  3  4  5  6 |
---------------+-------------------+-----
Dodging        | 1 |  1.3
Maces & Flails | 3 4 |  4.7
Fighting       | 4 |  4.6
Armour         | 3 |  3.3
Shields        | 1 |  1.0
Stealth        | |  0.4
Invocations    | |  2.7

Action                   |  1- 3 |  4- 6 || total
-------------------------+-------+-------++-------
Melee: Mace              |   128 |   221 ||   349
Invok: Depart the Abyss  |     1 |       ||     1
  Use: Potion            |       |     1 ||     1
Armor: Chain mail        |   105 |   124 ||   229
       Leather armour    |     2 |       ||     2
Dodge: Dodged            |    43 |    93 ||   136

Table legend: (Time is in decaauts)
 A = Elapsed time spent in this place.
 B = Non-inter-level travel time spent in this place.
 C = Inter-level travel time spent in this place.
 D = Time resting spent in this place.
 E = Time spent auto-exploring this place.
 F = Levels seen in this place.
 G = Mean time per level.
                   A        B        C        D        E       F      G
               +--------+--------+--------+--------+--------+-----+--------+
         Total |   3950 |   3769 |    181 |    388 |   2663 |   5 |  790.0 |
       Dungeon |   3904 |   3723 |    181 |    388 |   2623 |   4 |  976.0 |
         Abyss |     46 |     46 |      0 |      0 |     40 |   1 |   46.0 |
               +--------+--------+--------+--------+--------+-----+--------+

Top non-repeatable levels by time:
     D:2: 1645 daAuts
     D:1: 1143 daAuts
     D:3: 931 daAuts
     D:4: 183 daAuts
 Abyss:1: 46 daAuts
